Map: Arctic Dream LE

Players

raw

  • Race: Terran Terran
  • League: Platinum
  • Spawn Location: 11:00

Arrai

  • Race: Protoss Protoss
  • League: Diamond
  • Spawn Location: 12:00

qqq - Winner!

  • Race: Protoss Protoss
  • League: Platinum
  • Spawn Location: 5:00

Massa - Winner!

  • Race: Terran Terran
  • League: Gold
  • Spawn Location: 6:00

VOD

Have the link to the VOD?

Description

Time

  • Played on: July 31, 2020, 12:43 p.m.
  • Length: 19:51
Show
View Real Time Build Order
Export as new Build Order

raw Terran 

Build Orders:  

Get SALT Encoding   

  12  0:02  SCV  
  13  0:14  SCV  
  13  0:17  Supply Depot  
  14  0:26  SCV  
  15  0:28  Refinery  
  15  0:41  Barracks  
  15  0:45  SCV  
  16  1:00  Supply Depot  
  16  1:02  SCV  
  17  1:14  SCV  
  18  1:26  SCV  
  19  1:39  Barracks Tech Lab  
  19  1:40  Factory  
  19  1:44  Orbital Command  
  19  1:49  Refinery  
  19  2:10  Reaper  
  20  2:16  SCV  
  21  2:28  SCV  
  22  2:33  Command Center  
  22  2:35  Engineering Bay  
  22  2:40  SCV  
  23  2:54  Siege Tank  
  23  2:55  Barracks Reactor  
  23  2:56  SCV  
  27  3:11  Missile Turret  
  27  3:15  SCV  
  28  3:22  Missile Turret  
  27  3:30  Cyclone  
  27  3:32  SCV  
  31  3:42  Factory  
  31  3:46  Orbital Command  
  31  3:48  SCV  
  31  3:55  Barracks  
  32  4:01  SCV  
  33  4:04  Terran Infantry Weapons Level 1  
  33  4:07  Marine x2  
  35  4:13  SCV  
  36  4:21  SCV  
  37  4:25  SCV  
  37  4:27  Factory Tech Lab, Supply Depot  
  38  4:33  SCV  
  38  4:36  Refinery  
  38  4:37  Refinery, SCV  
  40  4:39  Armory  
  40  4:45  SCV  
  41  4:51  Missile Turret  
  41  4:54  Marine x3  
  41  4:55  Siege Tank  
  41  4:59  Siege Tank  
  50  5:12  Marine  
  52  5:20  Barracks Tech Lab  
  51  5:22  Barracks  
  51  5:25  SCV  
  51  5:26  SCV  
  51  5:28  Terran Vehicle Weapons Level 1  
  53  5:35  Starport x2  
  53  5:55  Command Center  
  53  6:03  SCV  
  54  6:23  Supply Depot  
  54  6:24  Supply Depot x2  
  54  6:28  Supply Depot  
  54  6:30  Supply Depot  
  54  6:32  Supply Depot  
  54  6:37  Combat Shield  
  54  6:39  Barracks Reactor  
  54  6:44  SCV x2, Thor  
  62  6:57  SCV x2  
  64  7:03  Marine, Siege Tank  
  64  7:04  Marine x2  
  64  7:06  Starport Tech Lab, Starport Reactor  
  70  7:14  Refinery  
  61  7:42  SCV  
  61  7:43  SCV x2  
  61  7:54  SCV, Marine x5  
  61  7:55  SCV x2  
  61  7:57  Liberator x2  
  75  7:59  Viking  
  77  8:06  SCV  
  77  8:07  SCV x2  
  77  8:11  Refinery  
  77  8:12  Marine x2  
  82  8:14  Missile Turret  
  82  8:18  SCV, Marine x3  
  86  8:20  Thor  
  86  8:26  Terran Vehicle Weapons Level 2  
  92  8:29  Terran Infantry Weapons Level 2, Marine, Viking  
  92  8:30  Marine  
  92  8:33  Armory  
  96  8:35  Marine  
  97  8:41  Missile Turret  
  97  8:56  Stimpack  
  97  9:20  Marine x5  
  97  9:21  Siege Tank  
  97  9:22  Siege Tank  
  97  9:23  Missile Turret  
  108  9:24  Raven  
  108  9:29  Viking x2  
  114  9:35  Orbital Command  
  114  9:37  Marine  
  114  9:38  Marine x2  
  117  9:52  Factory  
  117  9:54  Factory  
  117  10:04  Supply Depot  
  117  10:08  Supply Depot  
  117  10:10  Supply Depot  
  117  10:11  Supply Depot x2  
  117  10:12  Supply Depot  
  117  10:15  Terran Vehicle And Ship Armor Level 1  
  117  10:19  Engineering Bay  
  117  10:26  Marine x4  
  121  10:32  Siege Tank x2  
  127  10:35  Medivac  
  127  10:36  Medivac  
  127  10:37  Raven  
  127  10:38  Marine  
  134  10:43  Marine  
  134  10:44  Marine x3  
  138  10:56  Marine  
  116  11:01  Marine x2  
  116  11:04  Siege Tank  
  97  11:07  Marine  
  97  11:08  Marine  
  91  11:13  Marine  
  88  11:18  Starport  
  88  11:19  Starport, Marine x2  
  88  11:25  Marine x2, Fusion Core  
  91  11:31  Marine  
  91  11:32  Factory Tech Lab  
  90  11:33  Factory Tech Lab  
  90  11:36  Barracks  
  90  11:37  Marine x2  
  90  11:38  Barracks  
  92  11:41  Terran Infantry Weapons Level 3  
  92  11:43  Barracks, Marine x2  
  94  11:49  Marine  
  95  11:55  Marine  
  84  12:25  Starport Tech Lab x2  
  84  12:32  Barracks Reactor  
  84  12:33  Barracks Reactor x2  
  74  12:47  Thor x2  
  74  12:48  Marine x5  
  89  13:05  Marine  
  89  13:06  Marine x4  
  89  13:10  Marine x6  
  91  13:23  Marine  
  91  13:24  Marine x4  
  89  13:27  Refinery, Marine  
  89  13:28  Marine x5, Command Center  
  89  13:31  Missile Turret x2  
  89  13:32  Refinery  
  95  13:35  Raven  
  95  13:36  Raven x2  
  101  13:41  Marine  
  101  13:42  Marine x3  
  101  13:45  Marine  
  101  13:46  Marine x6  
  112  13:59  Marine x4, Thor  
  122  14:03  Marine x2, Missile Turret  
  122  14:04  Marine x5  
  128  14:17  Marine x2  
  127  14:18  Raven  
  128  14:27  Siege Tank  
  128  14:28  Siege Tank  
  93  14:53  Marine  
  93  14:54  Marine x10  
  82  15:00  Siege Tank x2  
  79  15:11  Marine  
  79  15:12  Marine x10  
  73  15:29  Marine x2  
  73  15:30  Marine x9  
  84  15:37  Command Center  
  84  15:47  Marine x5  
  84  15:48  Marine x5  
  94  16:00  Marine  
  95  16:05  Marine x4  
  95  16:08  Refinery  
  95  16:09  Missile Turret, Siege Tank x2  
  104  16:11  Missile Turret  
  91  16:30  Supply Depot  
  91  16:41  Supply Depot  
  91  16:43  Supply Depot x2  
  91  16:44  Supply Depot  
  60  17:03  Marine  
  60  17:04  Marine x10  
  60  17:05  Siege Tank x2  
  65  17:14  Siege Tank  
  65  17:15  Siege Tank  
  68  17:21  Marine  
  68  17:22  Marine  
  70  17:28  Marine  
  70  17:29  Marine x5  
  40  18:01  SCV  
  40  18:02  SCV  
  42  18:08  Factory Tech Lab  
  42  18:09  Factory Tech Lab  
  42  18:14  SCV x2  
  44  18:26  SCV x2  
  46  18:28  Marine  
  46  18:29  Marine x5  
  52  18:38  SCV x2  
  50  18:41  Marine  
  50  18:46  Marine  
  50  18:47  Marine x5  
  54  18:50  SCV x2  
  56  18:59  Marine  
  56  19:02  SCV  
  47  19:04  Marine  
  47  19:05  Marine  
  47  19:09  Marine x4  
  45  19:17  Marine  
  45  19:22  Marine x2  
  47  19:27  Marine x2  
Show
View Real Time Build Order
Export as new Build Order

Arrai Protoss 

Build Orders:  

Get SALT Encoding   

  12  0:00  Probe  
  13  0:12  Probe  
  14  0:17  Pylon  
  14  0:24  Probe  
  15  0:38  Probe  
  15  0:39  Gateway  
  16  0:49  Assimilator  
  16  0:51  Probe  
  17  1:03  Probe  
  18  1:15  Probe  
  19  1:19  Pylon  
  19  1:25  Zealot (Chrono Boost)  
  21  1:33  Cybernetics Core  
  21  1:41  Probe  
  21  1:44  Zealot  
  24  1:55  Probe  
  25  2:08  Probe  
  26  2:13  Stalker  
  27  2:22  Nexus  
  27  2:23  Warp Gate (Chrono Boost)  
  27  2:26  Pylon  
  27  2:35  Assimilator  
  27  2:47  Pylon  
  27  2:52  Gateway  
  27  3:03  Probe  
  26  3:15  Probe  
  25  3:27  Probe (Chrono Boost)  
  25  3:29  Stalker  
  28  3:37  Probe (Chrono Boost)  
  28  3:39  Probe (Chrono Boost)  
  30  3:43  Stalker  
  30  3:47  Probe (Chrono Boost)  
  30  3:48  Probe (Chrono Boost)  
  34  3:52  Twilight Council  
  34  3:56  Shield Battery  
  34  3:59  Gateway  
  34  4:02  Gateway  
  34  4:03  Probe x2  
  36  4:23  Probe (Chrono Boost)  
  38  4:28  Probe (Chrono Boost)  
  38  4:34  Probe (Chrono Boost)  
  38  4:37  Forge  
  39  4:49  Probe x2  
  39  4:51  Pylon  
  41  4:58  Blink (Chrono Boost)  
  41  5:00  Assimilator  
  41  5:01  Probe x2  
  41  5:02  Assimilator  
  43  5:07  Protoss Ground Weapons Level 1 (Chrono Boost)  
  43  5:15  Pylon  
  43  5:20  Templar Archives  
  43  5:21  Probe  
  44  5:30  Pylon  
  44  5:34  Photon Cannon  
  44  5:40  Stalker x2  
  48  5:45  Stalker  
  50  5:52  Probe x2  
  52  5:59  Nexus  
  52  6:04  Probe  
  52  6:05  Pylon  
  52  6:07  Stalker x2  
  57  6:12  Probe  
  57  6:14  Psionic Storm  
  57  6:17  Probe  
  59  6:28  Probe  
  60  6:40  Photon Cannon  
  60  6:44  Pylon  
  60  6:46  Stalker x3  
  60  6:47  Stalker  
  52  7:43  Probe x3  
  53  7:48  Pylon  
  53  7:49  Stalker x4  
  61  7:54  Protoss Ground Weapons Level 2 (Chrono Boost)  
  61  7:55  Probe (Chrono Boost)  
  61  7:58  Probe x2 (Chrono Boost)  
  64  8:00  Gateway  
  64  8:01  Gateway  
  64  8:03  Assimilator  
  64  8:07  Probe (Chrono Boost)  
  64  8:08  Assimilator  
  64  8:10  Pylon  
  63  8:14  Probe x2 (Chrono Boost)  
  63  8:15  Probe (Chrono Boost)  
  64  8:23  Robotics Facility  
  64  8:26  Photon Cannon  
  64  8:27  Photon Cannon  
  64  8:30  Stalker x4  
  72  8:35  Probe  
  64  8:54  Stalker  
  64  8:55  Stalker x3  
  70  8:59  High Templar x2  
  70  9:01  Probe x2  
  70  9:02  Probe  
  77  9:10  Observer (Chrono Boost)  
  77  9:13  Probe  
  77  9:14  Probe  
  80  9:19  Gateway  
  80  9:20  Gateway  
  80  9:23  Observer (Chrono Boost), Gateway  
  80  9:25  Stalker x4  
  80  9:26  Gateway  
  80  9:30  Probe  
  90  9:34  Zealot  
  92  9:41  High Templar  
  94  9:54  Stalker x3  
  94  9:55  Stalker  
  94  9:56  Stalker  
  94  9:57  Probe  
  105  10:10  Protoss Ground Armor Level 1 (Chrono Boost)  
  103  10:17  Stalker x6  
  115  10:26  Immortal  
  119  10:32  Pylon, Nexus  
  119  10:33  Pylon  
  93  11:23  Probe x3  
  80  11:37  High Templar x5  
  80  11:38  Stalker x5  
  100  11:41  Probe  
  100  11:42  Probe x2  
  100  11:43  Pylon  
  100  11:45  Pylon  
  103  11:47  Pylon  
  103  11:50  Assimilator  
  103  11:55  Assimilator  
  103  12:02  Protoss Ground Weapons Level 3 (Chrono Boost)  
  77  12:36  Stalker x5  
  77  12:37  Stalker x5  
  88  12:40  Probe x3  
  76  13:14  Stalker x2  
  76  13:15  Stalker x5  
  76  13:16  Stalker x3  
  92  13:38  Photon Cannon  
  92  13:40  Photon Cannon  
  90  13:42  Photon Cannon  
  90  13:43  Photon Cannon  
  90  13:46  Photon Cannon  
  90  13:47  Photon Cannon  
  82  13:48  Stalker  
  82  13:49  Stalker x6  
  82  13:50  Stalker x3  
  82  14:20  Stalker x5  
  82  14:21  Stalker x5  
  90  14:34  Immortal (Chrono Boost)  
  90  14:37  Protoss Ground Armor Level 2 (Chrono Boost)  
  94  15:01  High Templar  
  94  15:02  High Templar x2  
  94  15:04  Stalker x2  
  94  15:05  Stalker x5  
  94  15:06  Immortal  
  116  15:18  Probe  
  117  15:30  Stalker x3  
  117  15:31  Stalker  
  117  15:32  Stalker x2  
  127  15:45  Immortal  
  127  15:48  Stalker x3  
  127  15:49  Stalker  
  131  16:02  Stalker x3  
  131  16:03  Stalker x3  
  137  16:13  High Templar x4  
  145  16:32  Stalker x2  
  149  16:38  Pylon  
  149  16:39  Pylon  
  139  16:43  Pylon  
  139  16:44  Pylon  
  119  17:28  Stalker x3  
  119  17:29  Zealot x6  
  127  17:43  Stalker  
  123  17:50  Zealot x6  
  135  17:59  Stalker x2  
  135  18:00  Stalker  
  81  18:43  Stalker  
  81  18:44  High Templar x2, Stalker x4  
  81  18:45  High Templar x2  
  91  18:52  Archon x2  
  91  18:59  Stalker  
  77  19:25  Stalker x4  
  65  19:39  High Templar x3  
  65  19:40  High Templar  
Show
View Real Time Build Order
Export as new Build Order

qqq Protoss - Winner!

Build Orders: Carriers 

Get SALT Encoding   

  12  0:01  Probe  
  13  0:13  Probe  
  14  0:20  Pylon  
  14  0:25  Probe  
  15  0:58  Pylon  
  15  0:59  Probe  
  16  1:11  Probe  
  16  1:12  Nexus  
  17  1:25  Forge  
  16  1:54  Gateway  
  16  1:57  Pylon  
  16  2:21  Probe  
  17  2:32  Photon Cannon  
  17  2:34  Probe  
  18  2:38  Assimilator  
  18  2:39  Nexus  
  18  2:40  Probe  
  19  2:46  Probe  
  20  2:52  Probe  
  21  2:58  Gateway  
  22  3:05  Probe  
  22  3:06  Probe  
  23  3:15  Cybernetics Core  
  23  3:17  Probe  
  24  3:28  Photon Cannon  
  24  3:35  Photon Cannon  
  24  3:43  Probe, Assimilator  
  24  3:44  Probe  
  26  3:55  Probe  
  27  3:56  Probe  
  27  4:01  Stargate  
  28  4:03  Pylon  
  28  4:07  Probe x2  
  30  4:11  Probe  
  31  4:19  Probe x2  
  31  4:23  Probe  
  34  4:31  Probe  
  35  4:42  Pylon  
  35  4:44  Stargate  
  35  4:48  Assimilator  
  35  4:51  Probe x2  
  35  4:52  Assimilator  
  37  5:03  Probe  
  37  5:06  Phoenix (Chrono Boost)  
  40  5:12  Forge  
  41  5:14  Probe  
  41  5:21  Probe  
  41  5:26  Probe  
  41  5:27  Phoenix (Chrono Boost)  
  45  5:29  Phoenix (Chrono Boost)  
  45  5:34  Probe (Chrono Boost)  
  48  5:37  Phoenix  
  49  5:43  Probe (Chrono Boost)  
  49  5:46  Probe (Chrono Boost)  
  52  5:52  Probe (Chrono Boost), Pylon  
  52  5:53  Probe (Chrono Boost)  
  52  5:56  Phoenix, Pylon  
  54  5:58  Assimilator  
  54  6:02  Probe (Chrono Boost), Phoenix  
  54  6:03  Assimilator  
  60  6:05  Probe (Chrono Boost)  
  60  6:07  Probe (Chrono Boost)  
  61  6:12  Probe  
  61  6:16  Probe  
  63  6:21  Phoenix  
  63  6:24  Probe  
  66  6:29  Probe  
  67  6:33  Protoss Air Weapons Level 1  
  67  6:36  Probe, Phoenix  
  70  6:41  Probe  
  70  6:46  Phoenix  
  73  6:48  Probe  
  73  6:49  Photon Cannon  
  73  6:52  Photon Cannon  
  73  6:53  Probe  
  75  6:54  Photon Cannon  
  75  7:00  Probe  
  76  7:03  Phoenix  
  76  7:05  Probe  
  79  7:11  Phoenix  
  79  7:13  Probe  
  82  7:17  Probe  
  81  7:28  Phoenix  
  81  7:29  Probe  
  82  7:36  Phoenix  
  84  7:53  Phoenix  
  84  7:55  Stargate x2  
  86  7:59  Probe  
  86  8:01  Phoenix  
  89  8:05  Shield Battery  
  89  8:08  Shield Battery  
  89  8:10  Photon Cannon  
  89  8:11  Probe  
  89  8:12  Photon Cannon  
  90  8:13  Photon Cannon  
  90  8:16  Photon Cannon  
  90  8:18  Phoenix  
  92  8:20  Photon Cannon, Fleet Beacon  
  92  8:21  Pylon  
  92  8:23  Probe, Pylon  
  93  8:39  Probe, Phoenix  
  96  8:43  Phoenix  
  98  8:51  Probe  
  95  8:56  Phoenix x2  
  99  9:04  Twilight Council, Phoenix  
  99  9:08  Phoenix  
  99  9:09  Gateway  
  103  9:12  Zealot x2  
  107  9:19  Pylon  
  107  9:20  Pylon  
  107  9:21  Phoenix  
  107  9:23  Pylon  
  109  9:26  Pylon  
  109  9:30  Pylon  
  109  9:33  Pylon  
  115  9:38  Carrier  
  115  9:39  Zealot  
  115  9:41  Carrier, Zealot  
  115  9:42  Pylon  
  125  9:46  Pylon  
  125  9:49  Carrier  
  125  9:50  Nexus  
  125  9:52  Pylon  
  131  9:53  Charge, Pylon  
  131  10:12  Photon Cannon  
  131  10:14  Photon Cannon  
  131  10:16  Photon Cannon, Carrier  
  137  10:31  Nexus  
  137  10:33  Pylon  
  137  10:35  Pylon  
  139  10:42  Carrier  
  111  11:04  Carrier x2  
  111  11:21  Carrier  
  111  11:42  Probe  
  111  11:46  Pylon  
  118  11:47  Carrier  
  118  11:49  Pylon  
  118  11:54  Probe  
  117  12:06  Probe  
  124  12:08  Carrier x2  
  130  12:25  Carrier  
  136  12:49  Probe  
  136  12:51  Probe, Carrier  
  144  12:56  Photon Cannon  
  144  12:58  Photon Cannon  
  144  13:00  Photon Cannon  
  144  13:01  Probe  
  144  13:02  Shield Battery  
  144  13:03  Probe  
  154  13:05  Assimilator, Mothership  
  154  13:11  Assimilator  
  160  13:12  Carrier  
  160  13:13  Probe, Carrier  
  160  13:15  Probe  
  168  13:25  Probe  
  169  13:27  Probe  
  169  13:29  Tempest  
  175  13:37  Probe  
  175  13:38  Photon Cannon  
  175  13:39  Probe  
  175  13:40  Photon Cannon  
  171  13:43  Photon Cannon  
  171  13:45  Photon Cannon  
  171  13:47  Shield Battery  
  159  13:49  Probe  
  159  13:50  Shield Battery  
  159  13:51  Zealot x2  
  159  13:52  Shield Battery, Zealot  
  159  13:55  Tempest, Pylon  
  153  14:12  Phoenix  
  155  14:18  Zealot  
  155  14:19  Zealot  
  155  14:22  Carrier x2  
  165  14:29  Zealot  
  167  14:34  Probe  
  167  14:35  Probe  
  167  14:37  Carrier  
  167  14:38  Carrier  
  181  14:46  Zealot x2  
  181  14:47  Probe x2  
  187  14:56  Zealot  
  187  14:59  Probe x2  
  187  15:11  Probe x2  
  189  15:16  Zealot  
  189  15:17  Zealot  
  193  15:23  Probe  
  193  15:24  Zealot  
  194  15:41  Carrier  
  192  15:44  Zealot x2  
  196  15:51  Zealot  
  188  16:06  Robotics Facility  
  188  16:11  Zealot  
  189  16:16  Carrier  
  195  16:19  Zealot x2  
  199  16:30  Nexus  
  199  16:37  Nexus  
  199  16:38  Pylon  
  199  16:40  Pylon  
  191  16:56  Carrier  
  193  17:05  Nexus  
  169  17:28  Carrier x3  
  185  17:30  Zealot x3  
  189  17:43  Mothership  
  195  17:54  Nexus  
  195  17:57  Zealot x2  
  195  17:58  Pylon  
  199  18:01  Pylon  
  199  18:04  Pylon  
  199  18:12  Pylon  
  170  18:24  Zealot x2  
  163  18:32  Carrier x2  
  169  19:07  Zealot x2  
  167  19:35  Assimilator  
  179  19:39  Assimilator  
Show
View Real Time Build Order
Export as new Build Order

Massa Terran - Winner!

Build Orders:  

Get SALT Encoding   

  12  0:01  SCV  
  13  0:13  SCV  
  14  0:17  Supply Depot  
  14  0:25  SCV  
  15  0:31  Refinery  
  15  0:39  SCV  
  16  0:46  Barracks  
  16  0:51  SCV  
  17  1:02  Supply Depot  
  17  1:03  SCV  
  18  1:15  SCV  
  19  1:27  Barracks  
  19  1:30  SCV  
  20  1:45  Orbital Command  
  20  1:47  Barracks Tech Lab  
  20  2:14  Command Center  
  20  2:19  Factory  
  20  2:20  Barracks Reactor  
  20  2:24  Marauder  
  22  2:33  SCV  
  23  2:45  SCV  
  23  2:46  Marauder  
  23  2:49  Supply Depot  
  26  2:57  Marine  
  26  2:58  Marine  
  28  3:06  Factory Tech Lab  
  28  3:07  Marauder  
  30  3:29  Barracks Tech Lab, Barracks  
  30  3:37  Bunker, Marine x2  
  30  3:41  Siege Tank  
  35  3:46  SCV  
  35  3:48  Refinery  
  36  3:49  Orbital Command  
  36  3:58  SCV  
  36  4:00  Marauder, Marine  
  36  4:01  Marine  
  41  4:10  SCV  
  42  4:17  SCV  
  42  4:21  Marauder  
  42  4:22  SCV  
  46  4:26  Stimpack  
  46  4:29  SCV  
  47  4:34  SCV  
  48  4:41  SCV  
  49  4:46  SCV  
  49  4:51  Marauder, Marine x2  
  54  5:00  Supply Depot  
  54  5:02  Supply Depot  
  54  5:19  Supply Depot  
  54  5:21  Marine x2  
  54  5:22  Widow Mine, Marauder  
  54  5:27  Barracks Tech Lab  
  60  5:30  Command Center  
  60  5:32  Engineering Bay  
  61  5:35  SCV x2  
  61  5:39  Marine  
  61  5:40  Refinery  
  63  5:43  Marauder  
  63  5:46  Marine  
  63  5:47  SCV  
  63  5:48  SCV  
  68  5:53  Combat Shield  
  68  5:59  SCV  
  68  6:00  SCV  
  70  6:04  Marauder  
  70  6:06  Concussive Shells  
  72  6:12  SCV x2  
  72  6:14  Starport, Siege Tank  
  77  6:20  Marine  
  77  6:24  Supply Depot  
  78  6:25  SCV  
  78  6:29  Supply Depot  
  78  6:41  SCV, Marine x2  
  78  6:42  SCV, Marauder x2  
  86  6:54  SCV x2  
  88  6:59  Marine x2  
  90  7:03  Marauder x2  
  90  7:06  SCV  
  95  7:17  Marine  
  96  7:25  Marauder  
  66  7:42  Marauder, Marine  
  66  7:43  Marine  
  70  7:46  Marauder  
  70  7:50  Orbital Command, SCV  
  74  7:51  SCV  
  74  7:58  Siege Tank  
  77  8:00  Marine  
  77  8:01  Marine, Medivac  
  77  8:03  SCV x2, Marauder  
  85  8:06  Terran Infantry Weapons Level 1  
  85  8:07  Marauder  
  85  8:10  Missile Turret  
  87  8:15  SCV x2  
  87  8:18  Marine  
  87  8:19  Marine  
  91  8:23  Barracks  
  91  8:24  Marauder  
  93  8:27  SCV x2  
  93  8:28  Factory  
  93  8:29  Marauder  
  93  8:30  Siege Tank  
  93  8:31  Medivac, Missile Turret  
  102  8:36  Marine x2  
  102  8:39  SCV x2, Missile Turret  
  106  8:46  Marauder  
  108  8:51  Missile Turret  
  108  8:54  Marine  
  109  8:57  Command Center  
  109  9:00  Supply Depot  
  109  9:01  Supply Depot  
  109  9:02  Supply Depot  
  109  9:03  Supply Depot  
  109  9:04  Supply Depot  
  109  9:05  Armory  
  109  9:10  Engineering Bay  
  109  9:16  Barracks Tech Lab  
  109  9:18  Factory Tech Lab  
  109  9:21  Marine x2, Medivac  
  109  9:22  Marauder x2  
  109  9:23  Siege Tank  
  120  9:25  SCV x3  
  120  9:26  Supply Depot x2  
  120  9:28  Supply Depot  
  123  9:37  SCV x3  
  126  9:38  Terran Infantry Armor Level 1  
  126  9:39  Marine  
  126  9:43  Marauder x2  
  131  9:49  SCV x2  
  131  9:52  Medivac  
  135  10:01  SCV x3  
  135  10:05  Marauder x2  
  142  10:13  SCV x2  
  142  10:14  SCV, Terran Vehicle Weapons Level 1  
  145  10:18  Orbital Command  
  145  10:22  Refinery, Medivac  
  145  10:23  Refinery  
  145  10:25  Refinery, SCV  
  145  10:26  SCV x2, Marauder x2  
  145  10:27  Marauder, Marine x2  
  145  10:28  Refinery  
  158  10:37  SCV  
  158  10:38  SCV  
  160  10:45  Widow Mine x2, Marine x2  
  160  10:47  Marauder x2  
  160  10:48  Marauder  
  152  11:02  Marine  
  152  11:03  Marine  
  128  11:07  Widow Mine x2  
  128  11:09  Marauder x2  
  128  11:10  Marauder  
  122  11:20  Marine  
  122  11:21  Marine  
  116  11:30  Marauder x2  
  116  11:31  Marauder  
  122  11:38  Marine x2  
  124  11:43  Thor x2  
  134  11:51  Marauder, Marine  
  134  11:53  Marauder  
  135  11:56  Marine x2  
  127  12:09  Marauder  
  127  12:13  Marauder  
  127  12:14  Marauder, Marine x2  
  131  12:21  Barracks  
  131  12:24  Factory  
  131  12:25  Thor  
  123  12:31  Marauder  
  123  12:32  Marine x2  
  123  12:34  Marauder  
  123  12:35  Marauder  
  120  12:46  Thor  
  120  12:49  Marine  
  120  12:50  Marine  
  128  12:51  Command Center  
  128  12:52  Marauder  
  128  12:56  Marauder  
  128  12:57  Marauder  
  134  13:01  Terran Infantry Weapons Level 2  
  134  13:02  Terran Infantry Armor Level 2  
  134  13:07  Command Center  
  134  13:10  Refinery  
  132  13:13  Marauder  
  132  13:17  Marauder  
  132  13:18  Marauder, Command Center  
  138  13:21  Barracks Tech Lab  
  138  13:22  Factory Tech Lab  
  138  13:23  Thor  
  144  13:35  Marauder  
  146  13:51  Marauder x3  
  146  13:52  Marine x2  
  154  13:56  Marauder  
  154  13:58  Thor  
  162  14:03  Orbital Command  
  162  14:09  SCV  
  163  14:10  SCV x3, Marine x2  
  163  14:12  Marauder x2  
  163  14:13  Marauder  
  174  14:18  Marauder  
  174  14:21  SCV  
  174  14:22  SCV x3  
  178  14:28  Marine x2  
  180  14:34  SCV x4, Marauder x3  
  184  14:39  Marauder  
  169  14:45  Marine  
  169  14:46  SCV x4, Marine  
  151  14:54  Thor x2  
  151  14:55  Marauder x3, Thor  
  151  14:56  Medivac  
  151  14:58  SCV x2  
  173  15:00  Marauder  
  173  15:03  Marine  
  173  15:04  Marine  
  176  15:13  Terran Vehicle Weapons Level 2  
  173  15:16  Marauder  
  173  15:17  Marauder x2  
  179  15:21  Marine  
  179  15:22  Marauder, Marine  
  162  15:34  Orbital Command  
  162  15:37  Refinery, Thor  
  162  15:38  Marauder x3  
  162  15:39  Marine x2  
  162  15:40  Refinery  
  176  15:43  Orbital Command, Marauder  
  176  15:45  SCV x3  
  181  15:57  Marine  
  181  15:58  Command Center  
  181  15:59  Marauder x2  
  181  16:00  Marauder  
  188  16:04  Marauder  
  188  16:06  Refinery  
  182  16:21  Marauder x3  
  187  16:26  Marauder, Marine x2, Command Center  
  187  16:28  Thor  
  187  16:30  Terran Infantry Weapons Level 3, Terran Infantry Armor Level 3  
  187  16:32  Refinery  
  197  16:42  Marauder  
  197  16:44  Marine  
  167  17:03  Marauder  
  151  17:25  Marauder  
  151  17:29  Terran Vehicle And Ship Armor Level 1  
  149  17:33  Marauder  
  149  17:34  Marauder x2, Marine  
  149  17:35  Marine  
  149  17:36  Thor  
  149  17:37  Thor  
  168  17:46  Marauder  
  137  17:52  Marine x2  
  137  17:55  Marauder x3  
  129  17:58  Planetary Fortress  
  129  18:08  Marauder  
  129  18:10  Marine x2  
  133  18:14  Medivac  
  133  18:16  Marauder x3  
  133  18:19  Thor x2  
  147  18:22  Smart Servos  
  153  18:28  Marine x2  
  153  18:29  Marauder  
  157  18:37  Marauder  
  157  18:38  Marauder x2  
  163  18:44  Medivac  
  163  18:45  Marine  
  163  18:46  Marine, Planetary Fortress  
  167  18:50  Marauder  
  169  18:58  Refinery  
  169  18:59  Refinery, Marauder x3  
  175  19:03  Marine  
  175  19:04  Marine  
  177  19:10  Starport  
  177  19:12  Marauder  
  177  19:14  Medivac  
  177  19:15  Starport  
  181  19:20  Marauder  
  181  19:21  Marauder x2, Marine  
Tags
 
Add a new tag
Caveats
  • Supply blocks, unpowered buildings, or Contaminate may cause inaccurate times.
  • Supply counts are checked every 10 seconds.